AoeStats
← Senator Sloth

Arabia

507644787Analyzed
3v3 RM · 12d ago on Sep 19, 2026· 52m 32s· 6 players
Game mode
Random Map
Map size
Normal (6 player)
Population
200
Speed
Normal
Resources
Standard
Victory
Conquest
Starting age
Dark Age
Ending age
Imperial Age
RankedLock teamsTeams togetherTeam positionsShared explorationLock speedFull tech treeHidden civsTurbo modeCheats
Victory
Defeat
🇨🇱 Byzantines · Chile
825
+14
🇨🇱 Maya · Chile
825
+14
🇨🇱 Vietnamese · Chile
822
+15
🇺🇸 Chinese · United States
822
-15
🇺🇸 Khmer · United States
803
-15
🇺🇸 Japanese · United States
746
-13
RazorCoco1
10:14 Feudal Age
11:37 Double-Bit Axe
12:14 Bloodlines
13:30 Horse Collar
21:23 Castle Age
22:23 Bow Saw
22:16 Heavy Plow
22:30 Forging
24:18 Iron Casting
23:51 Husbandry
27:31 Scale Barding Armor
27:53 Light Cavalry
29:51 Crossbowman
33:48 Wheelbarrow
38:12 Pikeman
39:26 Murder Holes
46:33 Imperial Age
45:27 Hand Cart
Senator Sloth
0:28 Loom
12:29 Feudal Age
12:54 Man-at-Arms
13:19 Arson
13:38 Double-Bit Axe
14:18 Horse Collar
15:34 Gold Mining
20:41 Scale Mail Armor
21:33 Forging
21:39 Fletching
22:16 Padded Archer Armor
28:28 Castle Age
29:17 Thumb Ring
28:42 Long Swordsman
29:27 Squires
28:49 Crossbowman
29:31 Bodkin Arrow
30:25 Leather Archer Armor
30:40 Chain Mail Armor
29:53 Elite Skirmisher
32:45 Iron Casting
33:54 Bow Saw
35:16 Pikeman
37:48 Gold Shaft Mining
37:16 Heavy Plow
42:35 Wheelbarrow
49:21 Hand Cart
Sexy Rhino
11:22 Feudal Age
15:28 Wheelbarrow
14:45 Double-Bit Axe
15:48 Horse Collar
22:28 Castle Age
21:37 Forging
21:31 Scale Mail Armor
22:32 Loom
23:53 Hand Cart
27:27 Bow Saw
28:25 Husbandry
28:35 Bloodlines
35:47 Imperial Age
33:58 Gold Mining
34:00 Stone Mining
35:27 Scale Barding Armor
35:58 Iron Casting
35:39 Chain Mail Armor
35:25 Padded Archer Armor
36:13 Pikeman
36:56 Squires
38:40 Gold Shaft Mining
38:58 Cavalier
41:45 Elite Samurai
45:14 Halberdier
45:46 Gambesons
pupa9000
0:31 Loom
9:32 Feudal Age
13:53 Double-Bit Axe
17:24 Horse Collar
22:04 Castle Age
22:15 Forging
22:06 Scale Mail Armor
22:06 Gold Mining
23:23 Bow Saw
22:39 Eagle Warrior
23:36 Squires
25:11 Iron Casting
26:48 Heavy Plow
29:10 Chain Mail Armor
29:33 Stone Mining
31:15 Wheelbarrow
32:21 Stone Shaft Mining
39:40 Imperial Age
38:09 Ballistics
37:49 Fletching
38:00 Padded Archer Armor
38:57 Hand Cart
40:00 Elite Eagle Warrior
41:52 Chemistry
43:03 Blast Furnace
42:29 Conscription
42:47 Murder Holes
45:01 Plate Mail Armor
44:29 Bodkin Arrow
44:49 Leather Archer Armor
45:26 Elite Plumed Archer
49:05 Masonry
50:59 Two-Man Saw
51:31 Architecture
50:42 Treadmill Crane
52:34 Bracer
53:04 Ring Archer Armor
Descaportal
14:18 Feudal Age
19:56 Castle Age
17:55 Double-Bit Axe
18:02 Gold Mining
17:56 Horse Collar
18:12 Loom
20:48 Wheelbarrow
22:20 Hand Cart
23:49 Heavy Plow
24:10 Bow Saw
24:01 Stone Mining
26:40 Husbandry
26:51 Scale Barding Armor
26:56 Forging
27:37 Bloodlines
28:24 Chain Barding Armor
30:29 Iron Casting
37:01 Imperial Age
37:13 Elite Battle Elephant
42:09 Plate Barding Armor
TomasorXD
7:22 Loom
10:11 Feudal Age
10:35 Horse Collar
10:41 Double-Bit Axe
11:33 Wheelbarrow
13:33 Gold Mining
15:11 Padded Archer Armor
16:02 Fletching
21:07 Stone Mining
23:58 Castle Age
24:46 Thumb Ring
24:58 Leather Archer Armor
24:39 Bodkin Arrow
24:11 Elite Skirmisher
25:01 Crossbowman
27:39 Bow Saw
27:33 Heavy Plow
27:49 Hand Cart
31:15 Gold Shaft Mining
41:17 Imperial Age
41:25 Imperial Age
38:50 Treadmill Crane
40:08 Scale Barding Armor
40:15 Forging
40:17 Caravan
41:22 Husbandry
42:07 Stone Shaft Mining
41:33 Capped Ram
42:56 Ring Archer Armor
42:26 Bracer
41:49 Imperial Skirmisher
41:51 Arbalester
42:56 Conscription
43:44 Two-Man Saw
43:20 Crop Rotation
45:55 Chain Barding Armor
46:11 Iron Casting
47:02 Chemistry
46:23 Ballistics
46:04 Murder Holes
47:13 Chemistry
46:34 Ballistics
47:10 Hoardings
46:28 Siege Ram
48:46 Elite Cataphract
50:36 Plate Barding Armor
50:51 Arrowslits
Connection lost

Rejoining the realm…

Still unreachable

The connection could not be restored.

Session expired

The server has moved on; the page needs a fresh start.